Map: 烏瑞那

Players

Fist - Winner!

  • Race: Zerg Zerg
  • League: Diamond

Sen

  • Race: Zerg Zerg
  • League: Master

Event: 2016 WCS Winter Challenger Taiwan

VOD

Have the link to the VOD?

Description

Time

  • Played on: Jan. 14, 2016, 7:17 a.m.
  • Length: 3:19

All games in this series

Show
View Real Time Build Order
Export as new Build Order

Fist Zerg - Winner!

Build Orders: Pool Only 

Get SALT Encoding   

  12  0:00  Drone  
  13  0:11  Drone  
  14  0:24  Extractor  
  13  0:29  Spawning Pool  
  13  0:31  Drone  
  13  0:36  Drone  
  14  0:49  Overlord  
  14  1:15  Zergling x2  
  14  1:16  Zergling x4, Queen  
  19  1:24  Metabolic Boost  
  19  1:28  Zergling x2  
  20  1:38  Zergling x2  
  21  1:45  Baneling Nest  
  20  1:53  Overlord  
  20  2:03  Zergling x2  
  21  2:24  Zergling x4  
  22  2:32  Baneling x3  
  22  2:35  Zergling x6  
  25  2:48  Zergling x2  
Show
View Real Time Build Order
Export as new Build Order

Sen Zerg 

Build Orders: Pool First 

Get SALT Encoding   

  12  0:00  Drone  
  13  0:08  Drone  
  14  0:16  Drone, Extractor  
  15  0:22  Overlord  
  15  0:39  Spawning Pool  
  15  0:40  Drone  
  15  0:44  Drone  
  15  0:49  Drone  
  17  0:57  Drone  
  18  1:14  Hatchery  
  18  1:16  Extractor  
  16  1:18  Drone  
  17  1:27  Queen  
  17  1:31  Drone  
  20  1:40  Overlord  
  20  1:46  Zergling x2  
  21  1:48  Zergling x2  
  22  2:02  Baneling Nest, Zergling x2  
  22  2:06  Queen  
  24  2:12  Zergling x2  
  25  2:23  Zergling x2  
  25  2:26  Queen  
  25  2:29  Zergling x2  
  28  2:36  Zergling x2  
  29  2:38  Zergling x2  
  30  2:47  Baneling x2  
  26  2:54  Zergling x2  
  26  2:56  Zergling x2  
  26  2:57  Zergling x2  
  26  3:05  Drone  
Tags
 
Add a new tag
Caveats
  • Supply blocks, unpowered buildings, or Contaminate may cause inaccurate times.
  • Supply counts are checked every 10 seconds.